Map: Ice and Chrome LE

Players

GoobJoob - Winner!

  • Race: Terran Terran
  • League: Diamond
  • Spawn Location: 1:00

EFlo

  • Race: Zerg Zerg
  • League: Diamond
  • Spawn Location: 7:00

VOD

Have the link to the VOD?

Description

TvZ Goob vs Eflo

Time

  • Played on: Aug. 8, 2020, 12:25 p.m.
  • Length: 8:03
Show
View Real Time Build Order
Export as new Build Order

GoobJoob Terran - Winner!

Build Orders: 2 Factory, Hellion Opening, Reaper Expand, Mech 

Get SALT Encoding   

  12  0:00  SCV  
  13  0:12  SCV  
  14  0:17  Supply Depot  
  14  0:24  SCV  
  15  0:39  SCV  
  15  0:40  Barracks  
  16  0:46  Refinery  
  16  0:51  SCV  
  17  1:03  SCV  
  18  1:15  SCV  
  19  1:31  Reaper, Orbital Command  
  20  1:39  Command Center  
  20  1:48  Supply Depot  
  20  2:01  SCV  
  21  2:03  Marine  
  21  2:08  Factory  
  22  2:15  Supply Depot  
  22  2:17  SCV  
  22  2:21  Refinery  
  23  2:26  Barracks Reactor  
  23  2:29  SCV  
  24  2:41  SCV  
  25  2:59  SCV  
  25  3:00  Orbital Command  
  25  3:02  Supply Depot  
  26  3:07  Factory  
  26  3:09  Barracks Tech Lab  
  26  3:11  Hellion x2  
  30  3:14  SCV  
  31  3:26  Supply Depot, SCV x2  
  33  3:36  Hellion x2  
  33  3:38  SCV x2  
  39  3:50  SCV  
  39  3:51  SCV  
  41  3:57  Siege Tank, Hellion x2  
  41  4:01  Factory  
  48  4:05  SCV x2  
  50  4:13  Supply Depot  
  50  4:17  SCV x2  
  50  4:19  Hellion x2  
  56  4:30  Siege Tank  
  59  4:38  SCV x2  
  59  4:40  Hellion, Supply Depot  
  59  4:44  Armory  
  63  4:46  Engineering Bay  
  63  4:47  Factory Tech Lab  
  63  4:50  SCV x2  
  65  4:54  Refinery  
  65  5:02  Hellion, Siege Tank  
  65  5:03  SCV x2  
  72  5:22  SCV x2  
  72  5:24  Hellion x2  
  72  5:34  Hellion, SCV x2  
  72  5:35  Hellion  
  72  5:41  Refinery  
  72  5:45  Hellion x2  
  72  5:46  SCV x2  
  72  5:48  Terran Vehicle And Ship Armor Level 1  
  78  5:51  Command Center  
  78  5:58  SCV  
  78  6:03  Thor  
  85  6:05  Missile Turret  
  85  6:08  Hellion  
  86  6:13  Supply Depot  
  86  6:32  Factory  
  86  6:34  Armory  
  86  6:35  Hellion x2, Factory  
  90  6:44  SCV x2  
  92  6:50  Supply Depot  
  92  6:57  Hellion  
  94  7:01  Supply Depot  
  94  7:03  Hellion  
  94  7:05  Orbital Command  
  94  7:06  Supply Depot  
  96  7:25  Supply Depot  
  96  7:26  SCV x2  
  96  7:27  Orbital Command  
  96  7:29  Hellion x2  
  102  7:30  Factory Tech Lab  
  108  7:37  Factory Tech Lab  
Show
View Real Time Build Order
Export as new Build Order

EFlo Zerg 

Build Orders: Hatch First 

Get SALT Encoding   

  12  0:00  Drone  
  13  0:12  Overlord  
  13  0:17  Drone  
  14  0:31  Drone x2  
  16  0:37  Drone  
  17  0:52  Hatchery  
  17  0:56  Drone  
  17  0:59  Drone  
  18  1:10  Extractor  
  17  1:16  Spawning Pool  
  17  1:18  Drone  
  17  1:21  Drone  
  18  1:28  Drone  
  19  1:39  Overlord  
  19  1:50  Drone  
  20  2:02  Queen  
  20  2:04  Queen  
  20  2:05  Zergling x4  
  26  2:16  Metabolic Boost  
  26  2:18  Drone x2  
  28  2:35  Drone x3  
  31  2:50  Overlord  
  31  2:52  Hatchery  
  30  2:59  Overlord  
  30  3:12  Queen  
  32  3:15  Drone  
  32  3:16  Drone x3  
  32  3:17  Overlord  
  36  3:26  Queen  
  36  3:29  Drone x2  
  36  3:30  Drone x3  
  43  3:41  Overlord  
  43  3:59  Extractor  
  42  4:08  Drone x3, Roach Warren  
  42  4:09  Baneling Nest  
  43  4:19  Drone  
  43  4:20  Drone x2  
  43  4:24  Drone x8  
  47  4:25  Drone x2  
  56  4:36  Queen  
  56  4:37  Overlord x2  
  58  4:53  Lair  
  58  4:55  Queen  
  58  4:57  Drone x5  
  58  4:58  Drone x3  
  58  4:59  Roach  
  72  5:00  Roach x2  
  72  5:11  Roach x2  
  60  5:22  Drone x2  
  60  5:23  Drone x6  
  66  5:44  Drone x4  
  70  5:55  Glial Reconstitution  
  70  5:58  Drone x4  
  70  6:00  Overlord  
  74  6:05  Hatchery  
  73  6:13  Extractor  
  73  6:16  Extractor  
  73  6:17  Hydralisk Den  
  73  6:18  Drone x3  
  73  6:20  Overseer  
  73  6:23  Zergling x2  
  73  6:24  Zergling x2  
  75  6:27  Drone x3  
  75  6:28  Drone  
  75  6:29  Drone  
  75  6:31  Drone  
  81  6:39  Hatchery  
  80  6:50  Extractor  
  80  6:51  Extractor  
  80  6:52  Drone x4  
  82  6:58  Overlord x2  
  82  6:59  Overlord x2  
  81  7:18  Roach  
  81  7:19  Roach x10  
  105  7:30  Roach  
  105  7:31  Roach x2  
  113  7:42  Roach x4  
Tags
 
Add a new tag
Caveats
  • Supply blocks, unpowered buildings, or Contaminate may cause inaccurate times.
  • Supply counts are checked every 10 seconds.